 Dungeon Crawl Stone Soup version 0.23-a0-270-gab6feb3 (console) character file.

10488 bli the Cruncher (level 11, -8/89 HPs)
             Began as a Formicid Fighter on Oct 1, 2018.
             Was a High Priest of Lugonu.
             Mangled by Snorg (13 damage)
             ... on level 11 of the Dungeon.
             The game lasted 00:52:17 (8995 turns).

bli the Cruncher (Formicid Fighter)                 Turns: 8995, Time: 00:52:18

Health: -8/89      AC: 14    Str: 21    XL:     11   Next: 93%
Magic:  11/11      EV: 13    Int:  8    God:    Lugonu [*****.]
Gold:   289        SH: 11    Dex: 13    Spells: 10/10 levels left

rFire    + . .     SeeInvis +   G - +6 quarterstaff (chaos)
rCold    . . .     Gourm    .   c - +0 shield
rNeg     . . .     Faith    .   Q - +2 scale mail {rPois}
rPois    +         Spirit   .   (helmet unavailable)
rElec    .         Reflect  .   W - +2 cloak
rCorr    .         Harm     .   J - +0 pair of gloves
MR       +....                  (no boots)
Stlth    ++........             y - amulet of regeneration
HPRegen  0.64/turn              j - ring of protection from fire
MPRegen  0.12/turn              X - ring of poison resistance

@: no status effects
A: permanent stasis, dig shafts and tunnels, four strong arms, antennae 3
a: Dig, Shaft Self, Depart the Abyss, Bend Space, Banish, Corrupt, Enter the
Abyss, Renounce Religion


You were on level 11 of the Dungeon.
You worshipped Lugonu.
Lugonu was extremely pleased with you.
You were not hungry.

You visited 2 branches of the dungeon, and saw 12 of its levels.

You collected 571 gold pieces.
You spent 282 gold pieces at shops.

Inventory:

Hand Weapons
 a - a +0 quarterstaff
 E - a +1 whip of flaming
 G - a +6 quarterstaff of chaos (weapon)
 I - a +2 mace of protection
 L - a +1 trident of venom
 M - a +0 mace of crushing
 P - a +0 dire flail of protection
Missiles
 e - 296 stones (quivered)
Armour
 c - a +0 shield (worn)
 A - a +0 leather armour of cold resistance
 H - a +2 robe of positive energy
 J - a +0 pair of gloves (worn)
 Q - a +2 scale mail of poison resistance (worn)
 W - a +2 cloak (worn)
Magical Staves
 Z - an uncursed staff of poison
Jewellery
 j - a ring of protection from fire (left hand)
 y - an amulet of regeneration (around neck)
 U - an uncursed amulet of magic regeneration
 X - a ring of poison resistance (right hand)
Wands
 v - a wand of iceblast (41)
 K - a wand of polymorph (1)
 O - a wand of flame (21)
 T - a wand of acid (5)
 V - a wand of paralysis (13)
Scrolls
 b - 4 scrolls of identify
 g - a scroll of holy word
 l - 10 scrolls of remove curse {unknown}
 m - 7 scrolls of teleportation {unknown}
 n - 3 scrolls of fog {unknown}
 q - 2 scrolls of noise
 w - a scroll of silence
 F - 2 scrolls of immolation
 N - a scroll of summoning
 S - a scroll of enchant armour
Potions
 d - 5 potions of might
 h - a potion of agility
 k - a potion of berserk rage
 p - 5 potions of flight {unknown}
 r - 6 potions of curing
 s - 6 potions of brilliance {unknown}
 t - 3 potions of mutation {unknown}
 u - 3 potions of haste {unknown}
 x - 3 potions of heal wounds
 z - 3 potions of invisibility {unknown}
 B - a potion of degeneration
 D - 2 potions of cancellation
 R - a potion of ambrosia
 Y - a potion of magic
Miscellaneous
 i - a sack of spiders
 o - a lightning rod (4/4)
Comestibles
 f - 24 rations
 C - 4 chunks of flesh


   Skills:
 * Level 9.4 Fighting
 + Level 10.8 Staves
 + Level 6.3 Armour
 * Level 6.9 Dodging
 + Level 5.1 Stealth
 + Level 9.1 Shields


You had 10 spell levels left.
You didn't know any spells.
Your spell library contained the following spells:

 Spells                   Type           Power        Failure   Level  Hunger
 Animate Skeleton         Necr           N/A          73%         1    ##.....
 Apportation              Tloc           #.....       73%         1    ##.....
 Confusing Touch          Hex            #.....       73%         1    ##.....
 Summon Small Mammal      Summ           #...         73%         1    ##.....
 Swiftness                Chrm/Air       #.......     86%         2    ###....
 Ozocubu's Armour         Chrm/Ice       #.......     97%         3    ####...
 Excruciating Wounds      Chrm/Necr      #.........   100%        5    ######.
 Iskenderun's Battlesphe  Conj/Chrm      #.......     100%        5    ######.


Dungeon Overview and Level Annotations

Branches:
Dungeon (11/15)            Temple (0/1) D:4            Lair (0/6) D:11
    Orc (1/2) D:9

Altars:
Kikubaaqudgha
Qazlal
Zin
Lugonu

Shops:
D:4 =(}   D:9 }!:?

Annotations:
D:11 Snorg


Innate Abilities, Weirdness & Mutations

You cannot be hasted, slowed, berserked, paralysed or teleported.
You can dig through walls and to a lower floor.
Your four strong arms can wield two-handed weapons with a shield.
You have a pair of large antennae on your head. (SInv)


Message History

* * * LOW HITPOINT WARNING * * *
Snorg claws you!
* * * LOW HITPOINT WARNING * * *
You block Snorg's attack. You block Snorg's attack. Snorg barely misses you.
You block Snorg's attack.
You feel much better. Snorg bites you!
* * * LOW HITPOINT WARNING * * *
You block Snorg's attack. x2
You bludgeon Snorg!! You burn Snorg.
Snorg is severely wounded.
Snorg closely misses you. Snorg claws you.
* * * LOW HITPOINT WARNING * * *
You block Snorg's attack.
You bludgeon Snorg!! You freeze Snorg.
Snorg is almost dead.
Snorg bites you but does no damage. Snorg completely misses you.
You block You hit Snorg.
Snorg looks as sick as possible!
Snorg is almost dead.
Snorg bites you!
You die...

#### #..# #..#
#..# #..#######
#.........
..#####.........
.......<........
.........#####.
########.#
.......#@#
.......'T#
.......#>#####...
.......#.........
.......#.........
########...<.....
..........
...........
............
#######......
......


You could see Snorg (berserk).

Vanquished Creatures
  3 two-headed ogres
  A tengu warrior (D:10)
  Pikel (D:4)
  A cyclops (D:10)
  Maurice (D:8)
  A yaktaur (D:10)
  A merfolk (shapeshifter) (D:10)
  A hippogriff (D:7)
  A tarantella (shapeshifter) (D:10)
  A wyvern (D:8)
  7 yaks
  2 hungry ghosts
  Edmund (D:6)
  2 ice beasts
  2 black bears
  4 sky beasts
  2 orc warriors
  5 necrophages (D:10)
  3 ogres
  A phantom (D:8)
  A centaur (D:6)
  2 big kobolds (D:8)
  10 bullfrogs
  3 scorpions
  5 howler monkeys
  4 wights (D:10)
  5 crimson imps
  3 hounds
  A jelly (D:8)
  A quasit (D:10)
  2 bullfrog zombies
  4 orc priests
  8 orc wizards
  Crazy Yiuf (D:5)
  A bullfrog skeleton (D:4)
  A centaur skeleton (D:4)
  Ijyb (D:4)
  2 iguanas
  Natasha (D:4)
  6 worker ants
  A hound zombie (D:10)
  A mummy (D:10)
  4 worker ant zombies
  Robin (D:2)
  4 gnolls (D:7)
  A howler monkey zombie (D:9)
  16 adders
  A shadow imp (D:6)
  2 oozes
  2 worms
  A dart slug (D:3)
  5 leopard geckos
  26 orcs
  5 giant cockroaches
  17 goblins
  7 hobgoblins
  29 jackals
  4 quokkas
  A ball python (shapeshifter) (D:6)
  A ball python (D:4)
  5 bats
  7 frilled lizards
  A jackal zombie (D:6)
  16 kobolds
  A quokka skeleton (D:4)
  3 rats
265 creatures vanquished.

Vanquished Creatures (others)
  Natasha (twice) (D:4)
  An adder (D:4)
  4 orcs (D:4)
  A goblin (D:4)
  3 hobgoblins (D:4)
  A kobold (D:4)
12 creatures vanquished.

Grand Total: 277 creatures vanquished

Notes
Turn   | Place    | Note
-------+----------+-------------------------------------------
     0 | D:1      | bli the Formicid Fighter began the quest for the Orb.
     0 | D:1      | Reached XP level 1. HP: 18/18 MP: 1/1
   115 | D:1      | Reached XP level 2. HP: 20/24 MP: 2/2
   529 | D:2      | Reached XP level 3. HP: 22/29 MP: 3/3
   543 | D:2      | Noticed Robin
   567 | D:2      | Reached XP level 4. HP: 19/37 MP: 4/4
   591 | D:2      | Killed Robin
   849 | D:2      | Reached skill level 3 in Staves
  1250 | D:3      | Reached XP level 5. HP: 32/42 MP: 5/5
  1700 | D:3      | Found a faded altar of an unknown god.
  1708 | D:3      | Became a worshipper of Lugonu the Unformed
  1708 | D:3      | Reached * piety under Lugonu
  1708 | D:3      | Reached ** piety under Lugonu
  1995 | D:4      | Noticed an ogre
  2004 | D:4      | Killed an ogre
  2004 | D:4      | Reached skill level 4 in Staves
  2004 | D:4      | Reached XP level 6. HP: 48/48 MP: 6/6
  2053 | D:4      | Noticed a slave
  2054 | D:4      | Noticed a slave
  2054 | D:4      | Noticed a slave
  2055 | D:4      | Noticed a slave
  2083 | D:4      | Noticed Pikel
  2108 | D:4      | You fall through a shaft for 2 floors!
  2115 | D:6      | Reached skill level 1 in Dodging
  2115 | D:6      | Reached skill level 5 in Shields
  2354 | D:5      | Entered Level 5 of the Dungeon
  2401 | D:5      | Reached XP level 7. HP: 47/54 MP: 7/7
  2552 | D:5      | Found a runed door.
  2556 | D:5      | Noticed Crazy Yiuf
  2561 | D:5      | Killed Crazy Yiuf
  2685 | D:5      | Reached skill level 5 in Staves
  2685 | D:5      | Reached skill level 1 in Stealth
  2826 | D:4      | Noticed Natasha
  2843 | D:4      | Killed Pikel
  2843 | D:4      | Reached skill level 6 in Staves
  2843 | D:4      | Reached XP level 8. HP: 29/61 MP: 8/8
  2845 | D:4      | Killed Natasha
  2981 | D:4      | Noticed Natasha
  3026 | D:4      | Killed Natasha
  3050 | D:4      | Noticed Natasha
  3054 | D:4      | Killed Natasha
  3069 | D:4      | Noticed Ijyb
  3084 | D:4      | Killed Ijyb
  3371 | D:4      | Found Pomit's Gadget Shoppe.
  3540 | D:4      | Found Foasyid's Jewellery Shoppe.
  3574 | D:4      | Found a staircase to the Ecumenical Temple.
  3586 | D:4      | Found Leskaunn's Antique Weapon Shoppe.
  3636 | D:4      | Reached skill level 5 in Fighting
  3926 | D:5      | Reached *** piety under Lugonu
  4177 | D:6      | Found a stormy altar of Qazlal.
  4180 | D:6      | Reached XP level 9. HP: 60/68 MP: 9/9
  4190 | D:6      | Reached skill level 7 in Staves
  4339 | D:6      | Reached skill level 5 in Armour
  4847 | D:6      | Noticed Edmund
  5127 | D:6      | Killed Edmund
  5483 | D:7      | Found an ancient bone altar of Kikubaaqudgha.
  5494 | D:7      | Noticed a hippogriff
  5502 | D:7      | Killed a hippogriff
  5502 | D:7      | Reached skill level 8 in Staves
  5611 | D:7      | Found a glowing silver altar of Zin.
  5876 | D:7      | Reached **** piety under Lugonu
  6505 | D:8      | Reached XP level 10. HP: 77/77 MP: 10/10
  6640 | D:8      | Noticed Maurice
  6719 | D:8      | Reached skill level 5 in Dodging
  6734 | D:8      | Killed Maurice
  6734 | D:8      | Reached skill level 9 in Staves
  7225 | D:8      | Reached ***** piety under Lugonu
  7330 | D:9      | Found a staircase to the Orcish Mines.
  7375 | D:9      | Found Nainixi's Distillery.
  7393 | D:9      | Bought a potion of heal wounds for 55 gold pieces
  7393 | D:9      | Bought a potion of curing for 33 gold pieces
  7421 | Orc:1    | Entered Level 1 of the Orcish Mines
  7592 | D:9      | Noticed a two-headed ogre
  7603 | D:9      | Killed a two-headed ogre
  7603 | D:9      | Reached XP level 11. HP: 86/86 MP: 11/11
  7618 | D:9      | Found Vaf Taonu's Gadget Boutique.
  7652 | D:9      | Found Luvvul's Book Shop.
  7731 | D:9      | Found Nenwetosch's Magic Scroll Boutique.
  7745 | D:9      | Bought a scroll of enchant armour for 97 gold pieces
  7745 | D:9      | Bought a scroll of enchant weapon for 97 gold pieces
  7847 | D:9      | Reached skill level 10 in Staves
  8081 | D:10     | Entered Level 10 of the Dungeon
  8094 | D:10     | Noticed a two-headed ogre
  8109 | D:10     | Killed a two-headed ogre
  8385 | D:10     | Noticed an unseen horror
  8396 | D:10     | Reached skill level 5 in Stealth
  8399 | D:10     | an unseen horror changed into a tarantella
  8477 | D:10     | Identified the Tome of Augmentations
  8537 | D:10     | Noticed a tengu warrior
  8540 | D:10     | Noticed a cyclops
  8550 | D:10     | Killed a tengu warrior
  8647 | D:10     | Killed a cyclops
  8961 | D:11     | Found a staircase to the Lair.
  8966 | D:11     | Noticed Snorg
  8967 | D:11     | Noticed a two-headed ogre
  8976 | D:11     | Killed a two-headed ogre
  8990 | D:11     | HP: 4/89 [Snorg (16)]
  8995 | D:11     | Mangled by Snorg

Vault maps used:
D:1:      dpeg_arrival_rhombi, serial_park_tiny_2
D:2:      solitary_fountain, uniq_robin
D:3:      chequers_ecumenical_altar_simple_redux
D:4:      corexii_shack_village, temple_fountains, serial_shops,
          nicolae_shop_competitors_out_of_business,
          nicolae_shop_temple_entry_statues_fountains, nicolae_shop_stone,
          first_ration, minmay_cupped, uniq_natasha, uniq_ijyb, uniq_pikel
D:5:      supply_closet_lemuel, uniq_crazy_yiuf_cottage
D:6:      basic_altar, uniq_edmund
D:7:      zin_treasury, basic_altar
D:8:      hex_medium, uniq_maurice
D:9:      orc_0_dummy, serial_shops, shop_statue, shop, shop,
          nicolae_shop_statue_plus
D:10:     minmay_blocky_corners, serial_undead, serial_undead_d,
          serial_undead_b, serial_undead_c, serial_undead_a, serial_undead_b
D:11:     statuecave_lemuel, lair_entry_dummy, gammafunk_ghost_arena,
          uniq_snorg, uniq_psyche
Orc:1:    serial_shops, nicolae_shop_behind_doors, uniq_erica

Skill      XL: |  1  2  3  4  5  6  7  8  9 10 11 |
---------------+----------------------------------+-----
Shields        | 4 5 6 7 8 9 |  9.1
Staves         | 3 4 6 8 9 10 | 10.8
Fighting       | 4 5 6 8 9 |  9.4
Armour         | 4 5 6 |  6.3
Dodging        | 1 2 3 4 6 |  6.9
Stealth        | 1 2 3 4 5 |  5.1

Action                   |  1- 3 |  4- 6 |  7- 9 | 10-12 || total
-------------------------+-------+-------+-------+-------++-------
Melee: Quarterstaff      |    81 |   212 |   294 |   380 ||   967
       Unarmed           |       |       |    34 |       ||    34
Throw: Stone             |       |     5 |    11 |    48 ||    64
 Abil: Dig               |     3 |     2 |     1 |       ||     6
       Shaft Self        |       |     1 |       |       ||     1
  Use: Potion            |       |     1 |       |     1 ||     2
       Scroll            |       |       |       |    15 ||    15
 Stab: Sleeping          |       |       |     2 |     2 ||     4
       Paralysed         |       |       |     6 |     5 ||    11
       Confused          |       |       |       |     2 ||     2
       Petrifying        |       |       |       |     1 ||     1
       Petrified         |       |       |       |     1 ||     1
  Eat: Chunk             |       |     6 |    13 |    12 ||    31
Armor: Scale mail        |    35 |    78 |       |    57 ||   170
       Leather armour    |       |     4 |    55 |    10 ||    69
       Skin              |       |       |     3 |       ||     3
Dodge: Dodged            |    30 |    86 |   126 |   128 ||   370
Block: Shield            |    55 |   118 |   119 |   167 ||   459

Table legend:
 A = Non-vault XP
 B = Vault XP
 C = Vault XP percentage of total XP
 D = Non-vault monster count
 E = Vault monster count
 F = Vault count percentage of total count
                 A         B        C        D         E       F
            +---------+---------+-------+---------+---------+-------
      Total |   10580 |    4404 |  29.4 |     223 |      43 |  16.2
            +---------+---------+-------+---------+---------+-------
        D:1 |      18 |       0 |   0.0 |      10 |       0 |   0.0
        D:2 |      72 |      37 |  33.9 |      22 |      13 |  37.1
        D:3 |      78 |       0 |   0.0 |      27 |       0 |   0.0
        D:4 |     430 |     768 |  64.1 |      19 |      10 |  34.5
        D:5 |     506 |      39 |   7.2 |      14 |       1 |   6.7
        D:6 |     946 |     169 |  15.2 |      29 |       1 |   3.3
        D:7 |     819 |       0 |   0.0 |      22 |       0 |   0.0
        D:8 |    2528 |     457 |  15.3 |      44 |       1 |   2.2
        D:9 |    2483 |       0 |   0.0 |      20 |       0 |   0.0
       D:10 |    1803 |    2934 |  61.9 |      14 |      17 |  54.8
       D:11 |     894 |       0 |   0.0 |       1 |       0 |   0.0
      Orc:1 |       3 |       0 |   0.0 |       1 |       0 |   0.0
            +---------+---------+-------+---------+---------+-------
